 Dungeon Crawl Stone Soup version 0.28-a0-595-g9f6c0e134a (webtiles) character file.

Game seed: 13860736511284266689

61 lawman0 the Caller (level 4, 0/30 HPs)
             Began as a Barachi Summoner on Oct 4, 2021.
             Slain by an ogre (30 damage)
             ... on level 3 of the Dungeon.
             The game lasted 00:03:47 (2709 turns).

lawman0 the Caller (Barachi Summoner)               Turns: 2709, Time: 00:03:48

Health: 0/30       AC:  2    Str:  9    XL:     4   Next: 7%
Magic:  2/8        EV: 12    Int: 16    God:
Gold:   66         SH:  0    Dex: 13    Spells: 3/9 levels left

rFire   . . .      SeeInvis .   b - +0 dagger
rCold   . . .      Faith    .   (no shield)
rNeg    . . .      Spirit   .   a - +0 robe
rPois   +          Reflect  .   (no helmet)
rElec   .          Harm     .   (no cloak)
rCorr   .          Rampage  .   (no gloves)
Will    .....                   (no boots)
Stlth   ++........              f - amulet of regeneration
HPRegen 1.10/turn               g - ring of poison resistance
MPRegen 0.11/turn               (no ring)

@: slow
A: amphibious, slowness 1, strong legs 1, +LOS
a: Hop


You were on level 3 of the Dungeon.
You visited 1 branch of the dungeon, and saw 3 of its levels.

You collected 66 gold pieces.

Inventory:

Hand Weapons
 b - a +0 dagger (weapon)
Armour
 a - a +0 robe (worn)
 h - a +2 kite shield of cold resistance
Jewellery
 f - an amulet of regeneration (around neck)
 g - a ring of poison resistance (left hand)
Scrolls
 e - 2 scrolls of magic mapping
 i - 3 scrolls of noise
 l - a scroll of summoning
Potions
 c - a potion of magic
 d - a potion of invisibility
 k - a potion of curing {unknown}


   Skills:
 - Level 0.2 Short Blades
 + Level 2.3 Dodging
 + Level 2.0 Stealth
 + Level 3.0 Spellcasting
 * Level 5.9 Summonings


You had 3 spell levels left.
You knew the following spells:

 Your Spells              Type           Power      Damage    Failure   Level
a - Summon Small Mammal   Summ           84%        N/A       1%          1
b - Call Imp              Summ           21%        N/A       2%          2
c - Call Canine Familiar  Summ           21%        N/A       4%          3

Your spell library contained the following spells:

 Spells                   Type           Power      Damage    Failure   Level
 Summon Guardian Golem    Hex/Summ       11%        N/A       17%         3
 Ensorcelled Hibernation  Hex/Ice        4%         N/A       28%         2
 Spider Form              Tmut/Pois      1%         N/A       50%         3
 Summon Lightning Spire   Summ/Air       11%        N/A       50%         4


Dungeon Overview and Level Annotations

Branches:
Dungeon (3/15)

Altars:
Zin


Innate Abilities, Weirdness & Mutations

You are amphibious.
You cover ground slowly.
You can hop short distances.
You have an extended range of vision and can be seen from far away.


Message History

You open the door.
There is an open door here.
Found a dagger.
Found an escape hatch in the floor.
i - 3 scrolls of noise (gained 1)
You now have 66 gold pieces (gained 10).
Found a stone staircase leading up.
You open the door.
A kobold and an ogre come into view.
There are monsters nearby!
There are monsters nearby!
Casting: Call Canine Familiar (dangerous; 4% risk of failure)
Confirm with . or Enter, or press ? or * to list all spells.
The ogre shouts!
The ogre hits your hound with a +0 giant club!
Your hound dies!
Your hound's corpse disappears in a puff of smoke!
Casting: Call Canine Familiar (dangerous; 4% risk of failure)
Confirm with . or Enter, or press ? or * to list all spells.
The kobold throws a stone.
The stone closely misses your hound. The stone closely misses you.
Your hound bites the ogre.
The ogre closely misses your hound.
Your hound bites the ogre but does no damage.
Your hound closely misses the ogre.
Your hound bites the ogre.
The ogre hits your hound with a +0 giant club!
Your hound bites the ogre.
Your hound bites the ogre.
The ogre hits your hound with a +0 giant club!
Your hound dies!
Your hound's corpse disappears in a puff of smoke!
Casting: Call Canine Familiar (dangerous; 4% risk of failure)
Confirm with . or Enter, or press ? or * to list all spells.
You miscast Call Imp.
You are very lightly contaminated with residual magic.
Nothing appears to happen.
Your magical contamination has completely faded away.
The ogre hits you with a +0 giant club!!
Ouch! That really hurt!
You die...

#.........
#.#.#####.
########## #.#.#
#......>.#
#.#.#####.
#.######.#
#......... #.#
####.####....####.
#.###.............#
#........####....##
#####@####
#.)...... #O#
###.###### #.# .#
#K# +## #.# ...#
#.# ..... ##.##
......
##...####.......
#.......K.......


You could see an ogre and a kobold.

Vanquished Creatures
  2 kobolds (D:1)
  A ball python (D:1)
  A bat (D:1)
  A frilled lizard (D:2)
  2 rats (D:2)
7 creatures vanquished.

Vanquished Creatures (collateral kills)
  An adder (D:2)
  A worm (D:2)
  4 dart slugs
  3 endoplasms (D:1)
  A giant cockroach (D:2)
  3 goblins
  6 hobgoblins
  A jackal (D:2)
  A quokka (D:2)
  3 ball pythons
  2 bats
  A frilled lizard (D:2)
  4 kobolds
  3 rats
34 creatures vanquished.

Vanquished Creatures (others)
  A plant (D:1)
1 creature vanquished.

Grand Total: 42 creatures vanquished

Notes
Turn   | Place    | Note
-------+----------+-------------------------------------------
     0 | D:1      | lawman0 the Barachi Summoner began the quest for the Orb.
     0 | D:1      | Reached XP level 1. HP: 13/13 MP: 3/3
   355 | D:1      | Reached skill level 5 in Summonings
   495 | D:1      | Reached XP level 2. HP: 17/19 MP: 0/5
   498 | D:1      | Learned a level 2 spell: Call Imp
   756 | D:1      | Found a faded altar of an unknown god.
  1353 | D:2      | Reached XP level 3. HP: 24/24 MP: 2/7
  1673 | D:2      | Learned a level 3 spell: Call Canine Familiar
  2194 | D:2      | Reached XP level 4. HP: 30/30 MP: 4/8
  2561 | D:3      | Found a glowing silver altar of Zin.
  2693 | D:3      | Noticed an ogre
  2709 | D:3      | Slain by an ogre

Illustrated notes

Levels and vault maps discovered:
D:1:      giann_bridges, layout_rooms, hellmonk_ecumenical_altar_blasted
D:2:      kb_forest_paths, layout_basic
D:3:      layout_loops_corners, mainiacjoe_overflow_alcove_1

Skill      XL: |  1  2  3 |
---------------+----------+-----
Summonings     | 5 |  5.9
Stealth        | 2 |  2.0
Spellcasting   | 3 |  3.0
Short Blades   | |  0.2
Dodging        | |  2.3

Action                   |  1- 3 |  4- 6 || total
-------------------------+-------+-------++-------
Melee: Dagger            |    48 |     7 ||    55
       Unarmed           |     5 |       ||     5
 Cast: Summon Small Mamm |    22 |       ||    22
       Call Imp          |    14 |       ||    14
       Call Canine Famil |     6 |     3 ||     9
  Use: Scroll            |       |     5 ||     5
 Stab: Distracted        |     2 |       ||     2
       Sleeping          |     1 |       ||     1
Armor: Robe              |    19 |     4 ||    23
Dodge: Dodged            |    57 |     7 ||    64

Table legend: (Time is in decaauts)
 A = Elapsed time spent in this place.
 B = Non-inter-level travel time spent in this place.
 C = Inter-level travel time spent in this place.
 D = Time resting spent in this place.
 E = Time spent auto-exploring this place.
 F = Levels seen in this place.
 G = Mean time per level.
                   A        B        C        D        E       F      G
               +--------+--------+--------+--------+--------+-----+--------+
         Total |   2999 |   2952 |     47 |    408 |   2008 |   3 |  999.7 |
       Dungeon |   2999 |   2952 |     47 |    408 |   2008 |   3 |  999.7 |
               +--------+--------+--------+--------+--------+-----+--------+

Top non-repeatable levels by time:
     D:1: 1441 daAuts
     D:2: 1270 daAuts
     D:3: 287 daAuts
